 Dungeon Crawl Stone Soup version 0.25.1-2-g60ff931df9 (webtiles) character file.

Game seed: 9493028198677397203

30 gbos the Chopper (level 3, 0/29 HPs)
             Began as a Demonspawn Berserker on Nov 16, 2020.
             Was a Follower of Trog.
             Succumbed to an adder's poison
             ... on level 2 of the Dungeon.
             The game lasted 00:00:18 (1135 turns).

gbos the Chopper (Demonspawn Berserker)             Turns: 1135, Time: 00:00:19

Health: 0/29       AC:  9    Str: 18    XL:     3   Next: 5%
Magic:  3/3        EV: 12    Int:  8    God:    Trog [*.....]
Gold:   66         SH:  0    Dex: 12    Spells: 2/2 levels left

rFire    . . .     SeeInvis .   Y - +1 hand axe
rCold    . . .     Gourm    .   (no shield)
rNeg     . . .     Faith    .   b - +0 animal skin
rPois    .         Spirit   +   (no helmet)
rElec    .         Reflect  .   (no cloak)
rCorr    .         Harm     .   m - +0 pair of gloves
MR       .....                  (no boots)
Stlth    +.........             (no amulet)
HPRegen  0.09/turn              (no ring)
MPRegen  0.08/turn              (no ring)

@: lethally poisoned (0 -> -2), sanguine armour, berserk cooldown, slowed, very
slow
A: magic shield, sanguine armour 1
a: Berserk, Renounce Religion


You were on level 2 of the Dungeon.
You worshipped Trog.
Trog was aware of your devotion.
You were not hungry.

You visited 1 branch of the dungeon, and saw 2 of its levels.

You collected 66 gold pieces.


Innate Abilities, Weirdness & Mutations

When hurt, damage is shared between your health and your magic reserves.
When seriously injured, your bleeding wounds create armour. (AC +6)


   Skills:
 - Level 3.0 Fighting
 + Level 3.8 Axes
 - Level 1.7 Armour
 - Level 1.7 Dodging


You had 2 spell levels left.
You didn't know any spells.
Your spell library was empty.

Inventory:

Hand Weapons
 d - a +0 club
 Y - a +1 hand axe (weapon)
Armour
 b - a +0 animal skin (worn)
 m - a +0 pair of gloves (worn)
Scrolls
 g - 2 scrolls of remove curse
Comestibles
 e - a ration

Dungeon Overview and Level Annotations

Branches:
Dungeon (2/15)

Altars:


Message History

1114 ||| EATING 2 rations.
You eat one of the 2 rations.
That ration really hit the spot!
You feel sick.
You feel a strong urge to attack something.
You feel sick.
You feel your anger nearly subside.
You are no longer berserk.
You are exhausted.
You feel yourself slow down.
You feel sick.
You feel sick.
You feel sick.
You feel sick.
You feel sick.
You feel sick.
You feel sick.
You feel sick.
You feel sick.
You feel sick.
You feel sick.
You feel sick.
You die...

##### #...#
#%..# #...#
w#####...####
............#
..######.....#
#......@.<...#
#######%.....#
#..##.## #...
.# #...^ #
###.## .. #.#


There were no monsters in sight!

Vanquished Creatures
  An adder (D:2)
  6 bats (D:1)
  A giant cockroach (D:1)
  6 hobgoblins (D:1)
  A kobold (D:1)
  4 frilled lizards (D:1)
  A rat (D:1)
20 creatures vanquished.

Notes
Turn   | Place    | Note
-------+----------+-------------------------------------------
     0 | D:1      | gbos the Demonspawn Berserker began the quest for the Orb.
     0 | D:1      | Reached XP level 1. HP: 18/18 MP: 1/1
     0 | D:1      | 0 ||| counter = 39
    23 | D:1      | 23 ||| Stepping ~*~*~tactically~*~*~ (water).
    31 | D:1      | 31 ||| INVOKING Berserk.
   256 | D:1      | Reached skill level 3 in Axes
   347 | D:1      | Gained mutation: When hurt, damage is shared between your
                  | health and your magic reserves. [demonic ancestry]
   347 | D:1      | Reached XP level 2. HP: 19/24 MP: 2/2
  1048 | D:1      | 1048 ||| UPGRADING to pair of gloves.
  1053 | D:1      | 1053 ||| READING scroll labeled QOLIG VAAXYFU.
  1054 | D:1      | 1054 ||| READING 4 scrolls labeled WACETO JUIGOS.
  1055 | D:1      | 1055 ||| UPGRADING to lumpy fluorescent amulet.
  1056 | D:1      | 1056 ||| READING 3 scrolls of remove curse.
  1057 | D:1      | 1057 ||| REMOVING amulet of inaccuracy.
  1058 | D:1      | 1058 ||| DROPPING amulet of inaccuracy.
  1059 | D:1      | 1059 ||| UPGRADING to granite ring.
  1060 | D:1      | 1060 ||| REMOVING ring of wizardry.
  1061 | D:1      | 1061 ||| DROPPING ring of wizardry.
  1062 | D:1      | 1062 ||| READING scroll labeled VETAON ARHI.
  1063 | D:1      | 1063 ||| READING scroll labeled IBRUMU NUROT.
  1064 | D:1      | 1064 ||| READING scroll labeled EGOTIG XEIREATS.
  1111 | D:2      | 1111 ||| INVOKING Berserk.
  1113 | D:2      | Gained mutation: When seriously injured, your bleeding
                  | wounds create armour. (AC +6) [demonic ancestry]
  1113 | D:2      | Reached XP level 3. HP: 19/29 MP: 3/3
  1114 | D:2      | 1114 ||| EATING 2 rations.
  1120 | D:2      | HP: 7/29 [poisoned by an adder]
  1126 | D:2      | HP: 3/29 [poisoned by an adder]
  1129 | D:2      | HP: 1/29 [poisoned by an adder]
  1135 | D:2      | Succumbed to an adder's poison

Levels and vault maps discovered:
D:1:      lightli_arrival_farm, layout_basic
D:2:      layout_basic, eat_drink_and_be_merry_uskayaw, okawaru_metal_pillars_3,
          first_ration, kennysheep_potato

Skill      XL: |  1 |
---------------+----+-----
Axes           | 3 |  3.8
Fighting       | |  3.0
Armour         | |  1.7
Dodging        | |  1.7

Action                   || total
-------------------------++-------
Melee: Hand axe          ||    82
Invok: Berserk           ||     2
  Use: Scroll            ||     6
  Eat: Chunk             ||     1
       Ration            ||     1
Armor: Animal skin       ||    19
Dodge: Dodged            ||    71
